 Dungeon Crawl Stone Soup version 0.32-a0-999-gfa1cc04b1d (webtiles) character file.

Game seed: 16546501685074462728

605 Strat the Ruffian (level 7, 52/52 HPs)
             Began as a Pale Draconian Shapeshifter on Apr 24, 2024.
             Quit the game on level 4 of the Dungeon.
             The game lasted 00:05:49 (3681 turns).

Strat the Ruffian (Pale Draconian Shapeshifter)     Turns: 3681, Time: 00:05:50

Health: 52/52      AC: 10    Str: 16    XL:     7   Next: 19%
Magic:  7/7        EV: 11    Int: 11    God:
Gold:   195        SH:  0    Dex: 18    Spells: 6/6 levels left

rFire   . .          .
                       - Unarmed
rCold   . . .        (no shield)
rNeg    . . .        (body armour unavailable)
rPois   .            (helmet currently unavailable)
rElec   .            (cloak currently unavailable)
rCorr   .            (gloves currently unavailable)
SInv    .            (boots currently unavailable)
Will    .....        (no amulet)
Stlth   ++           d - +4 ring of protection
HPRegen 0.28/turn    w - +6 ring of dexterity
MPRegen 0.10/turn

%: no passive effects
@: beast-form
A: beast (slay +2), steam breath, AC +6, unfitting armour, cold-blooded, steam
resistance
a: Steam Breath, Begin Untransformation


You were on level 4 of the Dungeon.
You were a hulking beast.
You visited 1 branch of the dungeon, and saw 4 of its levels.

You collected 195 gold pieces.

Inventory:

Missiles
 e - 15 poisoned darts (quivered)
 u - 8 javelins
Armour
 o - a +0 pair of boots
 v - an orb of light
 z - a +0 cloak
Jewellery
 d - a +4 ring of protection (left hand)
 m - the ring "Unetitha" {*Corrode rPois rN+++ Int+3 Dex+3}
   (You found it on level 2 of the Dungeon)

   [ring of poison resistance]

   Int+3:     It affects your intelligence (+3).
   Dex+3:     It affects your dexterity (+3).
   rPois:     It protects you from poison.
   rN+++:     It renders you almost immune to negative energy.
   *Corrode:  It may corrode you when you take damage.
 w - a +6 ring of dexterity (right hand)
 B - a +6 ring of dexterity
Talismans
 b - a beast talisman (active)
 c - a flux talisman
Wands
 x - a wand of quicksilver (10)
Scrolls
 g - 3 scrolls of identify {unknown}
 l - a scroll of teleportation {unknown}
 n - a scroll of revelation {unknown}
 p - a scroll of silence {unknown}
 r - 2 scrolls of fear {unknown}
 s - a scroll of fog {unknown}
 y - a scroll of enchant armour {unknown}
 D - a scroll of brand weapon {unknown}
Potions
 a - a potion of lignification
 f - a potion of might {unknown}
 h - a potion of invisibility {unknown}
 i - a potion of ambrosia {unknown}
 j - a potion of brilliance {unknown}
 k - 2 potions of curing {unknown}
 q - 2 potions of enlightenment {unknown}
 t - 2 potions of heal wounds {unknown}
 A - a potion of degeneration {unknown}
 C - a potion of berserk rage {unknown}


   Skills:
 - Level 1.1 Fighting
 - Level 1.7 Dodging
 * Level 7.0 Unarmed Combat
 + Level 5.0 Shapeshifting


You had 6 spell levels left.
You didn't know any spells.
Your spell library contained the following spells:

 Spells                   Type           Power      Damage    Failure   Level
 Apportation              Tloc           0%         N/A       34%         1
 Freeze                   Ice            0%         1d3       34%         1
 Necrotise                Necr           0%         1d4       34%         1
 Sting                    Conj/Alch      0%         1d3       34%         1
 Summon Small Mammal      Summ           0%         N/A       34%         1
 Jinxbite                 Hex            0%         N/A       47%         2
 Lesser Beckoning         Tloc           0%         N/A       47%         2
 Dazzling Flash           Conj/Hex       0%         N/A       71%         3
 Frozen Ramparts          Ice            0%         1d1       71%         3
 Hailstorm                Conj/Ice       0%         3d5       71%         3
 Maxwell's Portable Pile  Tloc           0%         2d(5-13)  71%         3
 Mephitic Cloud           Conj/Alch/Air  0%         N/A       71%         3
 Teleport Other           Tloc           0%         N/A       71%         3
 Vampiric Draining        Necr           0%         2d6       71%         3
 Martyr's Knell           Necr/Summ      0%         N/A       98%         4
 Curse of Agony           Necr           0%         N/A       100%        5
 Silence                  Hex/Air        0%         N/A       100%        5
 Yara's Violent Unravell  Hex/Alch       0%         3d3       100%        5
 Enfeeble                 Hex            0%         N/A       100%        7


Dungeon Overview and Level Annotations

Branches:
Dungeon (4/15)
 Temple: D:4-7

Altars:
Zin

Shops:
D:1 :


Innate Abilities, Weirdness & Mutations

You are a hulking beast.
Your limbs bulge with bestial killing power. (Slay +2)
You can breathe blasts of scalding, opaque steam.
Your pale cyan-grey scales are hard. (AC +6)
You cannot fit into any form of body armour.
You are cold-blooded and may be slowed by cold attacks.
You are immune to the effects of steam.


Message History

The orc priest shouts!
You hit the orc wizard.
The orc wizard is lightly wounded.
The orc wizard closely misses you.
You hit the orc wizard.
The orc wizard is severely wounded.
The orc priest looks encouraged for a moment.
The orc priest hits you but does no damage.
The orc wizard barely misses you.
You punch the orc wizard!
You kill the orc wizard!
The orc priest hits you but does no damage.
You barely miss the orc priest. You tail-slap the orc priest.
The orc priest is heavily wounded.
The orc priest calls down the wrath of Beogh upon you.
Beogh smites you!
You hit the orc priest. You tail-slap the orc priest. You punch the orc priest.
You kill the orc priest!
Your Shapeshifting skill increases to level 5!
Items here: $ ) [ †.
You punch the orc priest!
The orc priest is severely wounded.
The orc priest hits you but does no damage.
You hit the orc priest but do no damage.
The orc priest is severely wounded.
The orc priest looks braver for a moment.
You hit the orc priest.
You kill the orc priest!
Your Unarmed Combat skill increases to level 7!
No target in view!
No target in view!
Things that are here:
a +0 hand axe; an orc corpse You now have 195 gold pieces (gained 17).
Things that are here:
a +0 mace; a +0 scale mail; an orc corpse
There is a stone staircase leading up here.
You start resting.
HP restored.
Are you sure you want to abandon this character and quit the game? (Confirm with "yes".)

. .........................###..#
#######....######.##..#....##...#
..### ###.[<......##..###.###.#.#
#...##.....##........###..##.....
##.................#.....#.......
#...........................###.
#..................)....######..
#.............)...).............
#............).h..)......####...
##.........)................##...
##...............>..####.........
##.................#####.###.#...
##.....................#.###.....
##.#...####.#.###......#..#######
.#.....# #.#.###......####### #
.......# ##.#.##.......# #≈.≈#
.......# #..#.##.#.....# #._.# #


There were no monsters in sight!

Vanquished Creatures
  7 orc priests
  Crazy Yiuf (D:3)
  3 orc wizards
  Natasha (thrice) (D:3)
  8 gnolls
  4 adders
  A ribbon worm (D:2)
  4 dart slugs
  11 orcs
  5 endoplasms
  4 giant cockroaches
  4 goblins
  8 hobgoblins
  14 jackals (D:1)
  7 kobolds
  3 quokkas
  5 ball pythons
  2 bats
  2 frilled lizards (D:2)
  8 rats
104 creatures vanquished.

Notes
Turn   | Place    | Note
-------+----------+-------------------------------------------
     0 | D:1      | Strat the Draconian Shapeshifter began the quest for the
                  | Orb.
     0 | D:1      | Reached XP level 1. HP: 16/16 MP: 1/1
    86 | D:1      | Reached XP level 2. HP: 22/23 MP: 2/2
   115 | D:1      | Found Gyleapn's Vocational Training.
   169 | D:1      | Reached XP level 3. HP: 28/28 MP: 3/3
   228 | D:1      | Found a faded altar of an unknown god.
   262 | D:1      | Reached skill level 4 in Unarmed Combat
   845 | D:1      | Reached XP level 4. HP: 31/35 MP: 4/4
   994 | D:2      | Identified the ring "Unetitha" {*Corrode rPois rN+++ Int+3
                  | Dex+3}
  1652 | D:3      | Noticed Natasha
  1660 | D:3      | Killed Natasha
  1661 | D:3      | Reached skill level 5 in Unarmed Combat
  1661 | D:3      | Reached XP level 5. HP: 36/40 MP: 5/5
  1709 | D:3      | Noticed Natasha
  1719 | D:3      | Killed Natasha
  1996 | D:3      | Noticed Natasha
  2001 | D:3      | Killed Natasha
  2165 | D:3      | Found a runed translucent door.
  2166 | D:3      | Noticed Crazy Yiuf
  2374 | D:3      | Reached XP level 6. HP: 47/47 MP: 6/6
  2761 | D:3      | Killed Crazy Yiuf
  2762 | D:3      | Reached skill level 6 in Unarmed Combat
  3342 | D:4      | Found a glowing silver altar of Zin.
  3539 | D:4      | Your scales start taking on a pale cyan-grey colour.
  3539 | D:4      | Reached XP level 7. HP: 50/52 MP: 7/7
  3539 | D:4      | Gained mutation: You are immune to the effects of steam.
                  | [Pale Draconian growth]
  3656 | D:4      | Reached skill level 5 in Shapeshifting
  3660 | D:4      | Reached skill level 7 in Unarmed Combat
  3681 | D:4      | Quit the game

Illustrated notes

Levels and vault maps discovered:
D:1:      dpeg_arrival_lava_altar, layout_loops_ring,
          dreamdust_ecumenical_altar_grove, nicolae_shop_vocational
D:2:      layout_loops_ring, nicolae_houndstooth_variations
D:3:      layout_basic, serial_co_window_serial, co_window_paths_a,
          co_window_paths_b, co_window_of_opportunity_a,
          co_window_of_opportunity_a, co_window_paths_a, co_window_paths_a,
          co_window_cross_1, co_window_corner_a, co_window_corner_a,
          co_window_unsneaky_path_e, co_window_paths_c,
          co_window_of_opportunity_b, co_window_paths_e, co_window_4corner_a,
          glass_columns_a, glass_columns_a, glass_columns_a, glass_columns_a,
          uniq_crazy_yiuf_cottage, uniq_natasha
D:4:      layout_rooms, pf_just_have_faith

Skill      XL: |  1  2  3  4  5  6  7 |
---------------+----------------------+-----
Unarmed Combat | 4 5 6 7 |  7.0
Shapeshifting  | 4 5 |  5.0
Fighting       | |  1.1
Dodging        | |  1.7

Action                     |  1- 3 |  4- 6 |  7- 9 || total
---------------------------+-------+-------+-------++-------
  Melee: Unarmed           |    89 |   187 |    13 ||   289
         Tailslap          |    10 |    27 |     2 ||    39
         Punch             |     3 |     5 |     2 ||    10
   Stab: Sleeping          |     1 |     1 |       ||     2
 Armour: Skin              |    50 |    87 |     6 ||   143
  Dodge: Dodged            |    53 |    92 |     3 ||   148

Table legend: (Time is in decaauts)
 A = Elapsed time spent in this place.
 B = Non-inter-level travel time spent in this place.
 C = Inter-level travel time spent in this place.
 D = Time resting spent in this place.
 E = Time spent auto-exploring this place.
 F = Levels seen in this place.
 G = Mean time per level.
                   A        B        C        D        E       F      G
               +--------+--------+--------+--------+--------+-----+--------+
         Total |   3662 |   3490 |    172 |    511 |   2232 |   4 |  915.5 |
       Dungeon |   3662 |   3490 |    172 |    511 |   2232 |   4 |  915.5 |
               +--------+--------+--------+--------+--------+-----+--------+

Top non-repeatable levels by time:
     D:3: 1445 daAuts
     D:1: 839 daAuts
     D:2: 699 daAuts
     D:4: 677 daAuts
